 Dungeon Crawl Stone Soup version 0.27.1-33-g824d729ab1 (webtiles) character file.

Game seed: 1798389482661718659

1855 horus123 the Protected (level 9, -3/74 HPs)
             Began as a Hill Orc Fighter on Dec 5, 2021.
             Was a Believer of the Shining One.
             Slain by an orc warrior (10 damage)
             ... on level 6 of the Dungeon.
             The game lasted 00:10:15 (6707 turns).

horus123 the Protected (Hill Orc Fighter)           Turns: 6707, Time: 00:10:16

Health: -3/74      AC: 16    Str: 22    XL:     9   Next: 12%
Magic:  0/14       EV:  5    Int:  8    God:    the Shining One [**....]
Gold:   243        SH: 10    Dex: 10    Spells: 8/8 levels left

rFire    . . .     SeeInvis .   a - +1 long sword
rCold    . . .     Faith    .   c - +0 kite shield
rNeg     + . .     Spirit   +   m - +0 plate armour
rPois    .         Reflect  .   g - +0 helmet
rElec    .         Harm     .   l - scarf {shadows}
rCorr    .         Rampage  .   (no gloves)
Will     .....                  n - +0 pair of boots
Stlth    ..........             o - amulet of guardian spirit
HPRegen  0.22/turn              (no ring)
MPRegen  0.14/turn              (no ring)

@: glowing
A: no striking features
a: Renounce Religion, Convert to Beogh, Divine Shield


You were on level 6 of the Dungeon.
You worshipped the Shining One.
The Shining One was pleased with you.
You visited 1 branch of the dungeon, and saw 6 of its levels.

You collected 243 gold pieces.

Inventory:

Hand Weapons
 a - a +1 long sword (weapon)
Missiles
 f - a throwing net (quivered)
Armour
 b - a +0 scale mail
 c - a +0 kite shield (worn)
 g - a +0 helmet (worn)
 l - a scarf of shadows (worn)
 m - a +0 plate armour (worn)
 n - a +0 pair of boots (worn)
Jewellery
 o - an amulet of guardian spirit (around neck)
Wands
 i - a wand of digging (3)
 k - a wand of mindburst (16)
Scrolls
 d - a scroll of amnesia
 p - a scroll of identify
Potions
 e - a potion of attraction
 h - 2 potions of flight
 j - 2 potions of curing


   Skills:
 - Level 5.0 Fighting
 - Level 5.1 Long Blades
 - Level 8.1 Armour
 - Level 6.2 Shields
 + Level 7.7 Invocations


You had 8 spell levels left.
You didn't know any spells.
Your spell library contained the following spells:

 Spells                   Type           Power      Damage    Failure   Level
 Ignite Poison            Fire/Tmut/Pois 0%         N/A       100%        3
 Mephitic Cloud           Conj/Pois/Air  0%         N/A       100%        3
 Bolt of Magma            Conj/Fire/Erth 0%         4d4       100%        5


Dungeon Overview and Level Annotations

Branches:
Dungeon (6/15)             Temple (0/1) D:5

Altars:
Sif Muna
The Shining One

Annotations:
D:5 2 transporters


Message History

The orc priest invokes the aid of Beogh against you.
Beogh smites you!
The orc warrior hits you with a +0 hand axe!
You hit the orc warrior.
The orc warrior is severely wounded.
The adder bites you.
You are poisoned.
The adder poisons you!
The orc priest calls down the wrath of Beogh upon you.
Beogh smites you!
* * * LOW HITPOINT WARNING * * *
The adder bites you but does no damage.
The orc warrior hits you with a +0 hand axe.
* * * LOW HITPOINT WARNING * * *
The orc priest shouts, "Surrender to Beogh and we'll let you live!"
You hit the orc warrior.
The orc warrior is almost dead.
You feel sick. The adder barely misses you.
You riposte.
You closely miss the adder.
The orc warrior hits you with a +0 hand axe.
* * * LOW HITPOINT WARNING * * *
The adder bites you but does no damage.
You hit the orc warrior.
The orc warrior is almost dead.
You feel sick. The adder closely misses you.
The orc warrior hits you with a +0 hand axe!
* * * LOW HITPOINT WARNING * * *
You block the adder's attack. You block the orc warrior's attack.
Unknown command.
You hit the orc warrior but do no damage.
The orc warrior is almost dead.
You feel sick.
You are no longer poisoned.
You block the adder's attack.
The orc warrior hits you but does no damage.
You barely miss the orc warrior.
The orc warrior is almost dead.
You block the adder's attack. The adder bites you but does no damage.
The orc warrior hits you with a +0 hand axe!
You die...

##### #
#..<# .##.
##o##>....
#@Soo.#
###o.....
......
......
######


You could see an orc warrior, an orc priest, an adder and 2 orcs.

Vanquished Creatures
  Pikel (D:5)
  A steam dragon (D:4)
  Menkaure (D:4)
  A water moccasin (D:5)
  An ice beast (D:5)
  3 black bears (D:4)
  A necrophage (D:5)
  A phantom (D:5)
  A scorpion (D:5)
  A centaur zombie (D:5)
  A crimson imp (D:5)
  A jelly (D:4)
  2 hounds (D:4)
  2 bullfrog skeletons (D:5)
  An iguana (D:4)
  2 orc wizards (D:5)
  Robin (D:2)
  6 gnolls
  3 adders
  A white imp (D:5)
  A worm (D:4)
  4 dart slugs
  7 orcs
  7 endoplasms
  2 giant cockroaches
  16 goblins
  13 hobgoblins
  3 jackals (D:4)
  5 quokkas
  6 ball pythons
  7 bats
  3 frilled lizards
  8 kobolds
  4 rats
118 creatures vanquished.

Notes
Turn   | Place    | Note
-------+----------+-------------------------------------------
     0 | D:1      | horus123 the Hill Orc Fighter began the quest for the Orb.
     0 | D:1      | Reached XP level 1. HP: 19/19 MP: 1/1
   195 | D:1      | Reached XP level 2. HP: 24/26 MP: 2/2
   848 | D:1      | Found a faded altar of an unknown god.
   852 | D:1      | Reached XP level 3. HP: 31/31 MP: 3/3
   864 | D:1      | Became a worshipper of the Shining One
   864 | D:1      | Reached * piety under the Shining One
  1538 | D:2      | Noticed Robin
  1549 | D:2      | Reached XP level 4. HP: 34/39 MP: 4/4
  1558 | D:2      | Killed Robin
  1753 | D:2      | Reached skill level 5 in Long Blades
  2454 | D:3      | Reached XP level 5. HP: 15/45 MP: 5/5
  2608 | D:3      | Reached ** piety under the Shining One
  3117 | D:4      | Noticed a black bear
  3124 | D:4      | Reached skill level 5 in Shields
  3133 | D:4      | Killed a black bear
  3134 | D:4      | Reached XP level 6. HP: 7/51 MP: 6/6
  3449 | D:4      | Noticed a black bear
  3456 | D:4      | Killed a black bear
  3727 | D:4      | Reached skill level 5 in Fighting
  3727 | D:4      | Reached XP level 7. HP: 61/61 MP: 7/7
  3751 | D:4      | Reached skill level 1 in Invocations
  3868 | D:4      | Noticed a steam dragon
  3878 | D:4      | Killed a steam dragon
  3947 | D:4      | Noticed Menkaure
  3952 | D:4      | Killed Menkaure
  3953 | D:4      | Reached skill level 5 in Invocations
  5121 | D:5      | Entered Level 5 of the Dungeon
  5167 | D:5      | Reached XP level 8. HP: 54/68 MP: 12/12
  5186 | D:5      | Reached skill level 4 in Armour
  5322 | D:5      | Reached skill level 5 in Armour
  5612 | D:5      | Found a transporter.
  5619 | D:5      | Found a transporter.
  5626 | D:5      | Noticed a vampire
  5628 | D:5      | Found a shimmering blue altar of Sif Muna.
  5644 | D:5      | Noticed Pikel
  5660 | D:5      | Killed Pikel
  5661 | D:5      | Reached skill level 7 in Armour
  5982 | D:5      | Reached skill level 8 in Armour
  5982 | D:5      | Reached XP level 9. HP: 67/74 MP: 13/13
  6517 | D:5      | Found a staircase to the Ecumenical Temple.
  6707 | D:6      | Slain by an orc warrior

Illustrated notes

Levels and vault maps discovered:
D:1:      saegor_arrival_miasma, layout_basic,
          dreamdust_ecumenical_altar_statues, minmay_tree_intersection,
          minmay_cupped
D:2:      layout_basic, grunt_ministairs_10, due_unseen_surprise, uniq_robin
D:3:      layout_rooms
D:4:      layout_basic, uniq_menkaure
D:5:      layout_basic, gammafunk_temple_overflow_arena,
          minmay_temple_entry_enclosed_plants, minmay_fire_ice_demons,
          uniq_pikel
D:6:      kennysheep_windowed_halls, layout_basic,
          nicolae_tso_swordbearing_angel, gammafunk_temple_overflow_elements,
          gammafunk_ghost_grave

Skill      XL: |  1  2  3  4  5  6  7  8  9 |
---------------+----------------------------+-----
Long Blades    | 3 4 5 |  5.1
Shields        | 4 5 6 |  6.2
Fighting       | 5 |  5.0
Invocations    | 6 7 |  7.7
Armour         | 8 |  8.1

Action                   |  1- 3 |  4- 6 |  7- 9 || total
-------------------------+-------+-------+-------++-------
Melee: Long sword        |    78 |   135 |   148 ||   361
Evoke: Wand              |       |       |     1 ||     1
  Use: Scroll            |       |     9 |     3 ||    12
       Potion            |       |     1 |     2 ||     3
Armor: Scale mail        |    25 |    76 |    20 ||   121
       Plate armour      |       |       |    68 ||    68
       Skin              |       |       |     2 ||     2
Dodge: Dodged            |    22 |    44 |    32 ||    98
Block: Kite shield       |    34 |   100 |    83 ||   217
       Rpst.: Long sword |     5 |    15 |     6 ||    26
